 Dungeon Crawl Stone Soup version 0.29.0-11-gd7f09526c8 (webtiles) character file.

Game seed: 6377732941324396776

217 PhineusFerb the Chopper (level 5, -1/53 HPs)
             Began as a Troll Fighter on Sept 6, 2022.
             Slain by an ogre
             ... wielding a +0 giant club
              (21 damage)
             ... on level 4 of the Dungeon.
             The game lasted 00:10:26 (844 turns).

PhineusFerb the Chopper (Troll Fighter)              Turns: 844, Time: 00:10:27

Health: -1/53      AC: 10    Str: 26    XL:     5   Next: 61%
Magic:  4/4        EV: 10    Int:  4    God:
Gold:   96         SH:  0    Dex:  9    Spells: 4/4 levels left

rFire   . . .      SeeInvis .   d - +1 flail (protect)
rCold   . . .      Faith    .   (no shield)
rNeg    . . .      Spirit   .   b - +0 robe
rPois   +          Reflect  .   (helmet restricted)
rElec   .          Harm     .   (no cloak)
rCorr   .          Rampage  .   (gloves unavailable)
Will    .....                   (boots unavailable)
Stlth   +.........              (no amulet)
HPRegen 0.97/turn               g - ring of poison resistance
MPRegen 0.09/turn               (no ring)

@: under a protective aura
A: large, unfitting armour, claws 3, regeneration 1, shaggy fur 1, tough skin 1,
deformed body, MP-powered wands
a: no special abilities


You were on level 4 of the Dungeon.
You visited 1 branch of the dungeon, and saw 4 of its levels.

You collected 96 gold pieces.

Inventory:

Hand Weapons
 a - a +2 war axe
 d - a +1 flail of protection (weapon)
Armour
 b - a +0 robe (worn)
 c - a +0 kite shield
 f - a +0 chain mail
Jewellery
 g - a ring of poison resistance (left claw)
Scrolls
 e - 2 scrolls of teleportation


   Skills:
 + Level 3.3 Fighting
 + Level 3.5 Axes
 + Level 3.2 Dodging
 + Level 0.3 Stealth
 + Level 2.8 Shields


You had 4 spell levels left.
You didn't know any spells.
Your spell library was empty.

Dungeon Overview and Level Annotations

Branches:
Dungeon (4/15)
 Temple: D:4-7

Altars:
Trog


Innate Abilities, Weirdness & Mutations

You are too large for most types of armour.
You have claws for hands.
Your natural rate of healing is unusually fast.
You are covered in fur. (AC +1)
You have tough skin. (AC +1)
Armour fits poorly on your strangely shaped body.
You expend magic power (3 MP) to strengthen your wands.


Message History

The orc hits you but does no damage.
You hit the orc but do no damage.
The orc is heavily wounded.
The orc hits you with a +0 trident.
You closely miss the orc.
The orc is heavily wounded.
The orc misses you. The orc hits you with a +0 trident.
You hit the orc.
The orc is almost dead.
The orc hits you with a +0 trident.
You closely miss the orc.
The orc is almost dead.
The orc barely misses you.
You barely miss the orc.
The orc is almost dead.
The orc hits you with a +0 trident.
You sock the orc!
You kill the orc!
The orc closely misses you.
You closely miss the orc. The orc hits you with a +0 hand axe.
You closely miss the orc. The orc barely misses you.
You closely miss the orc. The orc hits you with a +0 hand axe!
The orc hits you with a +0 hand axe.
You barely miss the orc. The orc hits you with a +0 hand axe.
You sock the orc!
Your weapon exudes an aura of protection.
You kill the orc!
You hit the ogre but do no damage. The ogre hits you with a +0 giant club.
You hit the ogre.
The ogre is lightly wounded.
You hear the brisk hiss of a very distant avalanche of sand.
You hear the slow rusting of a very distant drain.
The ogre barely misses you.
You thump the ogre!
The ogre is heavily wounded.
The ogre misses you.
You hit the ogre.
The ogre is heavily wounded.
The ogre hits you with a +0 giant club!!
You die...

#....# .
#.#### .
#.# #.# ..
#.### ...
#...####.<.
###†#o.....
#.O#######
#@:#.....#
#.)#.#.#.#
#....#[#..
##.#.#.#.
#.#.....#
#.#######
##. ?.[..
## .. . ###


You could see an ogre and an orc.

Vanquished Creatures
  Edmund (D:4)
  A jelly (D:4)
  An adder (D:4)
  An ufetubus (D:4)
  11 orcs
  2 ball pythons
  4 endoplasms
  2 giant cockroaches (D:4)
  A hobgoblin (D:2)
  3 quokkas
  A frilled lizard (D:2)
  4 goblins
  7 kobolds
  2 rats (D:2)
41 creatures vanquished.

Notes
Turn   | Place    | Note
-------+----------+-------------------------------------------
     0 | D:1      | PhineusFerb the Troll Fighter began the quest for the Orb.
     0 | D:1      | Reached XP level 1. HP: 22/22 MP: 0/0
    99 | D:2      | Gained mutation: You expend magic power (3 MP) to
                  | strengthen your wands. [potion of mutation]
    99 | D:2      | Gained mutation: Armour fits poorly on your strangely
                  | shaped body. [potion of mutation]
   207 | D:3      | Reached XP level 2. HP: 25/29 MP: 1/1
   501 | D:3      | Found a bloodstained altar of Trog.
   690 | D:4      | Reached XP level 3. HP: 36/36 MP: 2/2
   746 | D:4      | Noticed Edmund
   762 | D:4      | Killed Edmund
   763 | D:4      | Reached XP level 4. HP: 35/45 MP: 3/3
   763 | D:4      | Reached XP level 5. HP: 42/53 MP: 4/4
   785 | D:4      | Found the +3 pair of mountain boots {steadfast, rC+}
   804 | D:4      | Noticed an ogre
   844 | D:4      | Slain by an ogre

Illustrated notes

Levels and vault maps discovered:
D:1:      grunt_arrival_lava_bath, layout_basic,
          hellmonk_ecumenical_altar_heavens_door, hangedman_decor_points
D:2:      layout_loops_cross
D:3:      corexii_shack_village, layout_basic, mainiacjoe_overflow_alcove_2,
          serial_rivers, chequers_serial_rivers_large_a,
          chequers_serial_rivers_micro_e, chequers_serial_rivers_micro_c,
          chequers_serial_rivers_micro_e, chequers_serial_rivers_micro_c,
          chequers_serial_rivers_micro_a, minmay_crystal_room
D:4:      layout_loops_cross, minmay_temple_entry_from_below_a, enter_ossuary_5,
          cheibrodos_sewer_entry_bend, minmay_checkerbox, uniq_edmund, uniq_ijyb

Skill      XL: |  1  2  3 |
---------------+----------+-----
Axes           | 3 |  3.5
Fighting       | 3 |  3.3
Dodging        | 3 |  3.2
Stealth        | |  0.3
Shields        | |  2.8

Action                   |  1- 3 |  4- 6 || total
-------------------------+-------+-------++-------
Melee: War axe           |    73 |       ||    73
       Flail             |       |    54 ||    54
       Punch             |       |     1 ||     1
  Use: Scroll            |     6 |       ||     6
       Potion            |     6 |       ||     6
Armor: Robe              |    21 |    50 ||    71
Dodge: Dodged            |    45 |    62 ||   107
Block: Kite shield       |     4 |       ||     4
